 Dungeon Crawl Stone Soup version 0.31-a0-149-g3fdcc5976a (webtiles) character file.

Game seed: 15869934868213001195

742 IdlyInterested the Chopper (level 7, -2/56 HPs)
             Began as a Demonspawn Fighter on June 7, 2023.
             Succumbed to an orc wizard's poison
             ... on level 5 of the Dungeon.
             The game lasted 00:10:45 (3309 turns).

IdlyInterested the Chopper (Demonspawn Fighter)     Turns: 3309, Time: 00:10:46

Health: -2/56      AC:  8    Str: 18    XL:     7   Next: 47%
Magic:  5/8        EV: 11    Int:  9    God:
Gold:   282        SH:  9    Dex: 13    Spells: 7/7 levels left

rFire   + . .        k - +2 war axe (freeze)
rCold   + . .        c - +0 buckler
rNeg    + . .        t - +1 ring mail of Vonewn {Will+}
rPois   .            l - +0 helmet
rElec   .            s - scarf {rC+ rF+}
rCorr   .            v - +0 pair of gloves
SInv    .            (no boots)
Will    +....        e - amulet of reflection
Stlth   +            y - ring of positive energy
HPRegen 0.29/turn    (no ring)
MPRegen 0.22/turn

%: reflection, guardian spirit
@: lethally poisoned (-2 -> -11), attractive
A: claws 1, powered by pain 1, magic shield, magic regeneration
a: no special abilities


You were on level 5 of the Dungeon.
You visited 1 branch of the dungeon, and saw 5 of its levels.

You collected 282 gold pieces.

Inventory:

Hand Weapons
 a - a +0 war axe
 f - a +0 rapier
 k - a +2 war axe of freezing (weapon)
 o - a +0 whip of electrocution
Missiles
 h - 51 stones (quivered)
Armour
 b - a +0 chain mail
 c - a +0 buckler (worn)
 l - a +0 helmet (worn)
 s - a scarf of resistance (worn)
 t - the +1 ring mail of Vonewn (worn) {Will+}
   (You found it on level 3 of the Dungeon)

   Will:      It increases your willpower.
 v - a +0 pair of gloves (worn)
 B - a +0 pair of gloves
Jewellery
 e - an amulet of reflection (around neck)
 y - a ring of positive energy (left hand)
Wands
 z - a wand of mindburst (10)
Scrolls
 j - a scroll of immolation {unknown}
 m - 3 scrolls of teleportation
 n - a scroll of enchant armour {unknown}
 q - a scroll of vulnerability {unknown}
 u - a scroll of poison {unknown}
 x - a scroll of enchant weapon
 A - a scroll of magic mapping {unknown}
Potions
 d - 2 potions of might
 g - 3 potions of brilliance
 i - a potion of enlightenment
 w - 2 potions of invisibility
 C - a potion of mutation


   Skills:
 + Level 5.1 Fighting
 * Level 5.1 Axes
 - Level 2.0 Throwing
 - Level 3.0 Armour
 - Level 3.0 Dodging
 - Level 2.6 Shields
 + Level 0.9 Spellcasting


You had 7 spell levels left.
You didn't know any spells.
Your spell library was empty.

Dungeon Overview and Level Annotations

Branches:
Dungeon (5/15)
 Temple: D:4-7

Altars:
Dithmenos
Qazlal
Ru
Trog
Wu Jian


Innate Abilities, Weirdness & Mutations

You have sharp fingernails.
You sometimes gain a little power by taking damage.
When hurt, damage is shared between your health and your magic reserves.
You regenerate magic rapidly.


Message History

You block the orc's attack. Something hits you.
You are more poisoned.
You closely miss something.
You feel extremely sick. You block the orc's attack.
You block something's attack.
You barely miss something.
You feel very sick. You block the orc's attack.
You hear some strange, mumbled words.
A magic dart appears from out of thin air!
The magic dart hits you!
You hit something but do no damage.
* * * LOW HITPOINT WARNING * * *
You feel very sick. The orc barely misses you. You block something's attack.
The orc misses you. Something hits you but does no damage.
You are more poisoned.
Unknown command.
Okay, then.
Aiming: Mindburst
Press: ? - help, Shift-Dir - straight line Something's mind is blasted!!
Reactivating autopickup.
You feel a bit more experienced.
* * * LOW HITPOINT WARNING * * *
You feel very sick.
The orc hits you from afar with a +0 trident.
Really quaff the potion of attraction?
You feel attractive to monsters.
* * * LOW HITPOINT WARNING * * *
You feel very sick. You block the orc's attack.
The orc is attracted toward you. x3
Unknown command.
You barely miss the orc.
* * * LOW HITPOINT WARNING * * *
You feel very sick. The orc is attracted toward you.
You closely miss the orc. You completely miss the orc.
You feel a little less clever now.
You die...

#.....####........#
#####. ...........#
#..####.......#####
#...#..............
#.......#..........
##..###..†..........
#.......##..........
#...................
#...........@o......
#..>........#o######
..#.........#.#o#
........>...#.#§o
....##.......#.##§.
#... ##......#.# ###
#..# #####..#.# ##
####...######
##...........##


You could see 4 orcs.

Vanquished Creatures
  Sigmund (D:2)
  A water moccasin (D:5)
  An ogre (D:4)
  A scorpion (D:5)
  2 jellies (D:4)
  An orc priest (D:5)
  2 iguanas
  2 orc wizards (D:5)
  6 adders
  A dart slug (D:1)
  7 orcs
  8 ball pythons
  5 bats
  9 endoplasms
  12 goblins
  6 hobgoblins
  6 jackals (D:1)
  6 quokkas
  2 frilled lizards (D:1)
  9 kobolds
  7 rats
95 creatures vanquished.

Notes
Turn   | Place    | Note
-------+----------+-------------------------------------------
     0 | D:1      | IdlyInterested the Demonspawn Fighter began the quest for
                  | the Orb.
     0 | D:1      | Reached XP level 1. HP: 18/18 MP: 1/1
   143 | D:1      | Gained mutation: You regenerate magic rapidly. [demonic
                  | ancestry]
   143 | D:1      | Reached XP level 2. HP: 24/24 MP: 2/2
   290 | D:1      | Reached skill level 1 in Dodging
   347 | D:1      | Reached XP level 3. HP: 29/29 MP: 3/3
  1074 | D:2      | Gained mutation: When hurt, damage is shared between your
                  | health and your magic reserves. [demonic ancestry]
  1074 | D:2      | Reached XP level 4. HP: 32/35 MP: 4/4
  1190 | D:2      | Noticed Sigmund
  1202 | D:2      | Killed Sigmund
  1203 | D:2      | Gained mutation: You sometimes gain a little power by
                  | taking damage. [demonic ancestry]
  1203 | D:2      | Reached XP level 5. HP: 33/42 MP: 3/5
  1690 | D:3      | Found an ornate altar of the Wu Jian Council.
  1725 | D:3      | Identified the +1 ring mail of Vonewn {Will+}
  1729 | D:3      | Reached XP level 6. HP: 48/48 MP: 6/6
  2098 | D:3      | Found a faded altar of an unknown god.
  2098 | D:3      | Noticed an Ice Fiend
  2361 | D:4      | Found a sacrificial altar of Ru.
  2491 | D:4      | Reached skill level 1 in Throwing
  2811 | D:4      | Found a bloodstained altar of Trog.
  2935 | D:4      | Found a stormy altar of Qazlal.
  2936 | D:4      | Found a shadowy altar of Dithmenos.
  3151 | D:5      | Entered Level 5 of the Dungeon
  3161 | D:5      | Gained mutation: You have sharp fingernails. [demonic
                  | ancestry]
  3161 | D:5      | Reached XP level 7. HP: 55/55 MP: 7/7
  3296 | D:5      | Reached skill level 5 in Fighting
  3296 | D:5      | Reached skill level 5 in Axes
  3308 | D:5      | HP: 1/56 [poisoned by an orc wizard]
  3309 | D:5      | Succumbed to an orc wizard's poison

Illustrated notes

Levels and vault maps discovered:
D:1:      minmay_arrival_four_loops, layout_rooms
D:2:      layout_basic, minmay_pentomino_v4, uniq_sigmund
D:3:      wad_river_or_something, layout_basic,
          mainiacjoe_overflow_small_starburst,
          dreamdust_ecumenical_altar_sealed_demon
D:4:      layout_loops_ring, gammafunk_temple_overflow_statue,
          kennysheep_mini_moat, lemuel_tele_altar, kennysheep_small_square
D:5:      layout_rooms, makhleb_blood_cavern_becter, interstate_on_off,
          hangedman_decor_clover_reticule

Skill      XL: |  1  2  3  4  5  6  7 |
---------------+----------------------+-----
Axes           | 2 3 4 5 |  5.1
Armour         | 3 |  3.0
Dodging        | 1 2 3 |  3.0
Fighting       | 4 5 |  5.1
Throwing       | 1 2 |  2.0
Shields        | |  2.6
Spellcasting   | |  0.9

Action                     |  1- 3 |  4- 6 |  7- 9 || total
---------------------------+-------+-------+-------++-------
  Melee: War axe           |   102 |   116 |    21 ||   239
  Throw: Stone             |       |     8 |       ||     8
  Evoke: Wand              |       |       |     1 ||     1
    Use: Potion            |       |     1 |     2 ||     3
         Scroll            |       |     3 |     2 ||     5
 Armour: Scale mail        |    33 |    17 |       ||    50
         Ring mail         |       |    11 |     2 ||    13
  Dodge: Dodged            |    35 |    53 |    10 ||    98
  Block: Buckler           |    55 |    54 |    12 ||   121
         Reflection        |     5 |     1 |       ||     6

Table legend: (Time is in decaauts)
 A = Elapsed time spent in this place.
 B = Non-inter-level travel time spent in this place.
 C = Inter-level travel time spent in this place.
 D = Time resting spent in this place.
 E = Time spent auto-exploring this place.
 F = Levels seen in this place.
 G = Mean time per level.
                   A        B        C        D        E       F      G
               +--------+--------+--------+--------+--------+-----+--------+
         Total |   3402 |   3091 |    311 |     78 |   1999 |   5 |  680.4 |
       Dungeon |   3402 |   3091 |    311 |     78 |   1999 |   5 |  680.4 |
               +--------+--------+--------+--------+--------+-----+--------+

Top non-repeatable levels by time:
     D:1: 864 daAuts
     D:4: 863 daAuts
     D:3: 837 daAuts
     D:2: 714 daAuts
     D:5: 122 daAuts
